 Dungeon Crawl Stone Soup version 0.31.0-11-ge490571c62 (webtiles) character file.

Game seed: 10082876884557099141

109 qw the Skirmisher (level 4, -3/25 HPs)
             Began as a Deep Elf Hunter on Feb 3, 2024.
             Succumbed to a goblin's poison
             ... on level 3 of the Dungeon.
             The game lasted 00:00:05 (1185 turns).

qw the Skirmisher (Deep Elf Hunter)                 Turns: 1185, Time: 00:00:06

Health: -3/25      AC:  5    Str: 10    XL:     4   Next: 60%
Magic:  6/6        EV: 11    Int: 14    God:
Gold:   154        SH:  0    Dex: 18    Spells: 3/3 levels left

rFire   + . .        a - +0 shortbow
rCold   + . .        (shield currently unavailable)
rNeg    . . .        i - +0 ring mail
rPois   .            (no helmet)
rElec   .            (no cloak)
rCorr   .            (no gloves)
SInv    .            (no boots)
Will    .....        (no amulet)
Stlth   +            h - ring of protection from fire
HPRegen 0.24/turn    e - ring of protection from cold
MPRegen 0.10/turn

%: no passive effects
@: lethally poisoned (-3 -> -21)
A: no striking features
a: no special abilities


You were on level 3 of the Dungeon.
You visited 1 branch of the dungeon, and saw 3 of its levels.

You collected 154 gold pieces.


   Skills:
 - Level 1.5 Fighting
 + Level 8.0 Ranged Weapons
 - Level 2.4 Dodging
 - Level 1.2 Stealth


You had 3 spell levels left.
You didn't know any spells.
Your spell library was empty.

Inventory:

Hand Weapons
 a - a +0 shortbow (weapon)
Armour
 i - a +0 ring mail (worn)
Jewellery
 e - a ring of protection from cold (right hand)
 h - a ring of protection from fire (left hand)
Scrolls
 c - 2 scrolls of brand weapon {unknown}
Potions
 b - a potion of enlightenment
 d - a potion of curing {unknown}
 f - a potion of attraction {unknown}
 g - a potion of haste {unknown}
 j - a potion of degeneration {unknown}
 k - a potion of cancellation {unknown}
 l - a potion of lignification {unknown}

Dungeon Overview and Level Annotations

Branches:
Dungeon (3/15)

Altars:

Annotations:
D:3 Robin


Message History

You kill the goblin!
A goblin comes into view. It is wielding a +0 dagger.
A hobgoblin comes into view.
You shoot an arrow. The goblin shouts!
The arrow hits the goblin.
The goblin is severely wounded.
You shoot an arrow. The arrow barely misses the goblin.
The arrow hits the goblin!
You kill the goblin!
Robin of the Strong Arm comes into view.
They are wielding a +0 club.
You shoot an arrow. The arrow hits the goblin.
You kill the goblin!
A hobgoblin comes into view.
You shoot an arrow.
The arrow hits the hobgoblin but does no damage.
Robin throws the goblin at you! The hobgoblin barely misses you.
The goblin barely misses you.
You shoot an arrow. The arrow barely misses the goblin.
The hobgoblin hits you but does no damage.
The goblin hits you but does no damage.
You are poisoned.
Robin roars a battlecry!
The goblins go into a battle-frenzy!
The goblin closely misses you. The hobgoblin closely misses you.
The hobgoblin hits you. The goblin hits you but does no damage.
You shoot an arrow. The arrow closely misses the goblin.
You feel very sick. The goblin misses you. The hobgoblin hits you.
The goblin barely misses you. x2
The hobgoblin hits you. The goblin hits you with a +0 dagger.
You shoot an arrow. The arrow barely misses the goblin.
You feel sick. The goblin closely misses you.
The goblin hits you with a +0 dagger.
The hobgoblin hits you but does no damage.
The goblin hits you with a +0 dagger of venom.
You are more poisoned.
The hobgoblin hits you. The goblin closely misses you.
You shoot an arrow. The arrow hits the goblin.
The goblin is moderately wounded.
You die...

.......####...####........#
.......# ##### #.........#
.......# #.#########
.......# #.# .......## #.#
#+#####.#### ###'#####
####'##.# #|g.....##
#.....#'####ggg.g....
#...........g@gg)....
#...........##g###...
#...........# ...
#...........# ###.#
.............# #
######........+ #........#
#........#


You could see Robin, 4 hobgoblins and 4 goblins.

Vanquished Creatures
  Terence (D:3)
  3 adders
  A dart slug (D:2)
  3 ball pythons
  7 endoplasms
  A giant cockroach (D:2)
  8 goblins
  2 hobgoblins (D:2)
  8 jackals (D:2)
  A kobold (D:2)
  2 quokkas
  6 bats
  4 frilled lizards
  A rat (D:1)
48 creatures vanquished.

Notes
Turn   | Place    | Note
-------+----------+-------------------------------------------
     0 | D:1      | qw the Deep Elf Hunter began the quest for the Orb.
     0 | D:1      | Reached XP level 1. HP: 12/12 MP: 3/3
     0 | D:1      | 0 ||| qw: Version: 0.3-a-157-g843a77d
     0 | D:1      | 0 ||| qw: Game counter: 3583
     0 | D:1      | 0 ||| qw: Melee chars always use a shield: true
     0 | D:1      | 0 ||| qw: God list: Okawaru
     0 | D:1      | 0 ||| qw: Allow faded altars: false
     0 | D:1      | 0 ||| qw: Do Orc after clearing Dungeon:15 true
     0 | D:1      | 0 ||| qw: Do second Lair branch before Depths: true
     0 | D:1      | 0 ||| qw: Lair rune preference: random
     0 | D:1      | 0 ||| qw: Goals: Normal
     0 | D:1      | 0 ||| PLANNING D:1-11
   168 | D:1      | Reached skill level 6 in Ranged Weapons
   168 | D:1      | Reached XP level 2. HP: 16/16 MP: 4/4
   464 | D:1      | 464 ||| UPGRADING to ring of protection from fire.
   465 | D:1      | 465 ||| READING scroll labelled YLURPH GEAMNI.
   465 | D:1      | 465 ||| IDENTIFYING red potion
   466 | D:1      | 466 ||| DROPPING scroll of butterflies.
   467 | D:1      | 467 ||| DROPPING potion of brilliance.
   502 | D:2      | 502 ||| RETREEEEATING.
   506 | D:2      | 506 ||| RETREEEEATING.
   527 | D:2      | 527 ||| FLEEEEING.
   528 | D:2      | 528 ||| FLEEEEING.
   529 | D:2      | 529 ||| STAIRDANCE
   546 | D:1      | 546 ||| DRINKING 2 coppery potions.
   606 | D:2      | Reached XP level 3. HP: 20/20 MP: 5/5
   802 | D:2      | Reached skill level 7 in Ranged Weapons
  1007 | D:2      | 1007 ||| UPGRADING to +0 ring mail.
  1017 | D:2      | 1017 ||| DROPPING +0 leather armour.
  1018 | D:2      | 1018 ||| UPGRADING to ring of protection from cold.
  1049 | D:3      | Reached XP level 4. HP: 25/25 MP: 6/6
  1078 | D:3      | Noticed Terence
  1089 | D:3      | Killed Terence
  1090 | D:3      | Reached skill level 8 in Ranged Weapons
  1108 | D:3      | 1108 ||| FLEEEEING.
  1179 | D:3      | Noticed Robin
  1184 | D:3      | HP: 5/25 [goblin/+0 dagger of venom[Robin] (2)]
  1184 | D:3      | HP: 2/25 [hobgoblin[Robin] (3)]
  1185 | D:3      | Succumbed to a goblin's poison

Levels and vault maps discovered:
D:1:      eino_arrival_tree_alley, layout_basic
D:2:      layout_rooms
D:3:      layout_basic, uniq_terence, uniq_robin, uniq_grinder, uniq_natasha

Skill      XL: |  1  2  3  4 |
---------------+-------------+-----
Ranged Weapons | 6 7 8 |  8.0
Fighting       | |  1.5
Dodging        | |  2.4
Stealth        | |  1.2

Action                     |  1- 3 |  4- 6 || total
---------------------------+-------+-------++-------
   Fire: Shortbow          |   126 |    25 ||   151
    Use: Scroll            |     1 |       ||     1
         Potion            |     1 |       ||     1
 Armour: Leather armour    |    26 |       ||    26
         Ring mail         |     1 |    16 ||    17
  Dodge: Dodged            |    27 |    10 ||    37

Table legend:
 A = Non-vault XP
 B = Vault XP
 C = Vault XP percentage of total XP
 D = Non-vault monster count
 E = Vault monster count
 F = Vault count percentage of total count
                 A         B        C        D         E       F
            +---------+---------+-------+---------+---------+-------
      Total |     117 |      40 |  25.5 |      45 |       3 |   6.2
            +---------+---------+-------+---------+---------+-------
        D:1 |      16 |       0 |   0.0 |      10 |       0 |   0.0
        D:2 |      70 |       0 |   0.0 |      30 |       0 |   0.0
        D:3 |      31 |      40 |  56.3 |       5 |       3 |  37.5
            +---------+---------+-------+---------+---------+-------
